 Dungeon Crawl Stone Soup version 0.28.0-47-ge53b351184 (webtiles) character file.

Game seed: 2377395357985411170

247 Hrothgar the Firebug (level 5, -3/22 HPs)
             Began as a Felid Fire Elementalist on May 9, 2022.
             Slain by Duvessa
             ... wielding a +0 rapier
              (15 damage)
             ... on level 4 of the Dungeon.
             The game lasted 00:24:32 (4794 turns).

Hrothgar the Firebug (Felid Fire Elementalist)      Turns: 4794, Time: 00:24:33

Health: -3/22      AC:  2    Str:  6    XL:     5   Next: 85%
Magic:  1/11       EV: 18    Int: 17    God:
Gold:   129        SH:  0    Dex: 16    Spells: 2/11 levels left
                                        Lives:  0   Deaths: 1

rFire   . . .      SeeInvis +     - Unarmed
rCold   . . .      Faith    +   (shield unavailable)
rNeg    . . .      Spirit   .   (armour unavailable)
rPois   .          Reflect  .   (helmet unavailable)
rElec   .          Harm     .   (cloak unavailable)
rCorr   +          Rampage  .   (gloves unavailable)
Will    .....                   (boots unavailable)
Stlth   ++........              b - amulet of faith
HPRegen 0.07/turn               i - ring of resist corrosion
MPRegen 0.12/turn               c - ring of resist corrosion

@: very slow
A: very small, claws 1, fangs 3, see invisible, speed 1, shaggy fur 2, stealthy
paws, no weapons or thrown items, no armour, multi-lived
a: no special abilities


You were on level 4 of the Dungeon.
You visited 1 branch of the dungeon, and saw 4 of its levels.

You collected 211 gold pieces.
You spent 82 gold pieces at shops.

Inventory:

Jewellery
 b - an amulet of faith (around neck)
 c - a ring of resist corrosion (right paw)
 i - a ring of resist corrosion (left paw)
Wands
 h - a wand of iceblast (4)
Scrolls
 d - a scroll of amnesia
 f - a scroll of vulnerability
Potions
 a - 2 potions of attraction
 e - a potion of heal wounds
 j - a potion of might


   Skills:
 * Level 1.7 Fighting
 * Level 3.6 Dodging
 * Level 3.9 Stealth
 * Level 1.7 Unarmed Combat
 * Level 3.5 Spellcasting
 * Level 1.7 Conjurations
 * Level 4.1 Fire Magic
 * Level 0.5 Ice Magic
 * Level 1.1 Earth Magic
 * Level 0.9 Evocations


You had 2 spell levels left.
You knew the following spells:

 Your Spells              Type           Power      Damage    Failure   Level
a - Ignite Poison         Fire/Tmut/Pois 7%         N/A       28%         3
b - Scorch                Fire           34%        2d7       4%          2
c - Stone Arrow           Conj/Erth      14%        3d7       28%         3
d - Freeze                Ice            16%        1d4       13%         1

Your spell library contained the following spells:

 Spells                   Type           Power      Damage    Failure   Level
 Foxfire                  Conj/Fire      52%        2x1d6     4%          1
 Conjure Flame            Conj/Fire      13%        6-21      14%         3
 Inner Flame              Hex/Fire       10%        N/A       22%         3
 Frozen Ramparts          Ice            8%         1d2       36%         3
 Flame Wave               Conj/Fire      13%        2d6       43%         4
 Sticky Flame             Conj/Fire      13%        2d4       43%         4
 Hailstorm                Conj/Ice       7%         3d4       71%         4
 Lehudib's Crystal Spear  Conj/Erth      3%         10d3      100%        8
 Animate Armour           Summ/Erth      Unusable   N/A       N/A         4

Dungeon Overview and Level Annotations

Branches:
Dungeon (4/15)             Temple (0/1) D:4

Altars:

Shops:
D:1 [   D:3 *

Annotations:
D:4 Duvessa


Innate Abilities, Weirdness & Mutations

You have sharp claws.
You have razor-sharp teeth.
You have supernaturally acute eyesight. (SInv)
You cover ground quickly. (Speed+)
You are covered in thick fur. (AC +2)
Your paws help you pounce on unaware monsters.
You are incapable of wielding weapons or throwing items.
You cannot wear armour.
You gain extra lives every three experience levels.


Message History

Flames lash Dowan.
Dowan is heavily wounded.
Dowan's fire resistance burns away.
Dowan is engulfed in a cloud of scalding steam.
Dowan gestures at you while chanting. The puff of flame hits you!
You scratch Dowan but do no damage.
Dowan is severely wounded.
Dowan is engulfed in a cloud of scalding steam.
Dowan's robes are whipped around by a magical breeze.
Dowan hits you but does no damage.
You scratch Dowan.
You kill Dowan!
Duvessa screams in rage.
Duvessa goes berserk!
You hear a splash. x2
You enter the shallow water.
Moving in this stuff is going to be slow.
Duvessa rages.
Things that are here:
a +0 dagger; a +0 robe
Casting: Scorch (safe; 4% risk of failure)
Press: ? - help, Q - select action, (/) - cycle Dir - look around, f - activate Flames lash the giant cockroach.
You kill the giant cockroach!
Casting: Scorch (safe; 4% risk of failure)
Press: ? - help, Q - select action, (/) - cycle Dir - look around, f - activate Flames lash Duvessa.
Duvessa is lightly wounded.
Duvessa's fire resistance burns away.
Duvessa is engulfed in a cloud of scalding steam.
Duvessa completely misses you.
Casting: Scorch (safe; 4% risk of failure)
Press: ? - help, Q - select action, (/) - cycle Dir - look around, f - activate Flames lash Duvessa.
Duvessa is burned terribly!
Duvessa is moderately wounded.
Duvessa is engulfed in a cloud of scalding steam.
Duvessa hits you with a +0 rapier!
Ouch! That really hurt!
You die...

.....# #.#
#.....#########.######
.....# #.#
#.....................
.(...# #.#
#.....#########.######
.....# .###.....## #.#
.....# #........## #.#
#....# #.#.#.......###
#.# #....#
#.............# #.#
#....###.###..)..###...#
#.#
#......#.#≈≈≈≈≈e@≈≈#...#
#.# ##...#...#≈#..†..#≈#
..#
##...#.§..≈.......≈....#
##.###.§..≈.......≈.....
# .. #.§§†≈...>...≈..###
# #.##.§§.≈.......≈....
###..###§.≈.......≈...##
.........#≈#.....#≈#..#
.###..##.#≈≈≈≈≈≈≈≈≈#..#


You could see Duvessa (berserk, combustible).

Vanquished Creatures
  2 ogres (D:4)
  Dowan (D:4)
  A hound (D:4)
  An iguana (D:4)
  3 gnolls (D:3)
  4 adders
  A worm (D:2)
  3 dart slugs
  9 orcs
  6 ball pythons
  6 bats
  5 endoplasms
  4 giant cockroaches
  6 goblins
  10 hobgoblins
  4 jackals (D:1)
  7 kobolds
  6 quokkas
  4 frilled lizards
  7 rats
90 creatures vanquished.

Vanquished Creatures (others)
  25 foxfires
25 creatures vanquished.

Grand Total: 115 creatures vanquished

Notes
Turn   | Place    | Note
-------+----------+-------------------------------------------
     0 | D:1      | Hrothgar the Felid Fire Elementalist began the quest for
                  | the Orb.
     0 | D:1      | Reached XP level 1. HP: 7/7 MP: 4/4
   318 | D:1      | Reached skill level 1 in Conjurations
   318 | D:1      | Reached skill level 3 in Fire Magic
   318 | D:1      | Reached XP level 2. HP: 6/11 MP: 3/6
   323 | D:1      | Learned a level 2 spell: Scorch
   810 | D:1      | Reached XP level 3. HP: 15/15 MP: 4/7
  1006 | D:1      | Found Miaxkuqiu's Antique Armour Shoppe.
  1625 | D:2      | Reached skill level 1 in Fighting
  1625 | D:2      | Reached skill level 1 in Unarmed Combat
  2012 | D:2      | Reached XP level 4. HP: 19/19 MP: 5/8
  2094 | D:2      | Learned a level 3 spell: Stone Arrow
  2179 | D:2      | Learned a level 1 spell: Freeze
  3682 | D:3      | Found Julann's General Store.
  3691 | D:3      | Bought a scroll of fog for 22 gold pieces
  3691 | D:3      | Bought a scroll of identify for 22 gold pieces
  3691 | D:3      | Bought a scroll of amnesia for 38 gold pieces
  3775 | D:3      | Reached XP level 5. HP: 22/22 MP: 10/10
  4570 | D:4      | Identified the +2 falchion of the Spectre {vorpal, *Rage
                  | Will++ Int+4}
  4635 | D:4      | Learned a level 3 spell: Ignite Poison
  4650 | D:4      | Noticed an ogre
  4653 | D:4      | Noticed an ogre
  4663 | D:4      | Killed an ogre
  4664 | D:4      | Gained mutation: You are covered in thick fur. (AC +2)
                  | [Felid growth]
  4664 | D:4      | Reached XP level 6. HP: 23/25 MP: 5/11
  4674 | D:4      | Reached skill level 4 in Fire Magic
  4674 | D:4      | Reached skill level 1 in Earth Magic
  4739 | D:4      | Found a staircase to the Ecumenical Temple.
  4740 | D:4      | Noticed Duvessa
  4740 | D:4      | Noticed Dowan
  4749 | D:4      | Slain by Dowan
  4750 | D:4      | Reached XP level 5. HP: 0/22 MP: 6/11
  4790 | D:4      | Killed Dowan
  4794 | D:4      | Slain by Duvessa

Illustrated notes

Levels and vault maps discovered:
D:1:      grunt_arrival_crossed_arrows, layout_basic, serial_shops,
          nicolae_square_shop
D:2:      layout_basic
D:3:      layout_basic, serial_shops, shop, grunt_ministairs_13
D:4:      layout_basic, tso_oasis_becter, minmay_temple_entry_water_ring,
          uniq_duvessa

Skill      XL: |  1  2  3  4  5  6 |
---------------+-------------------+-----
Conjurations   | 1 |  1.7
Fire Magic     | 3 4 |  4.1
Dodging        | 3 |  3.6
Stealth        | 3 |  3.9
Fighting       | 1 |  1.7
Unarmed Combat | 1 |  1.7
Spellcasting   | 3 |  3.5
Earth Magic    | 1 |  1.1
Ice Magic      | |  0.5
Evocations     | |  0.9

Action                   |  1- 3 |  4- 6 || total
-------------------------+-------+-------++-------
Melee: Unarmed           |    28 |    24 ||    52
       Bite              |     2 |     1 ||     3
       Punch             |     1 |       ||     1
 Cast: Foxfire           |    17 |       ||    17
       Scorch            |    27 |    52 ||    79
       Stone Arrow       |       |     2 ||     2
       Freeze            |       |     1 ||     1
Evoke: Wand              |       |     1 ||     1
  Use: Scroll            |     3 |     4 ||     7
       Potion            |       |     1 ||     1
 Stab: Sleeping          |     5 |     9 ||    14
Armor: Skin              |     2 |     1 ||     3
Dodge: Dodged            |    65 |    29 ||    94
